 Dungeon Crawl Stone Soup version 0.31-a0-1068-g5939ac1fb6 (webtiles) character file.

Game seed: 1955042962429268131

21 kae the Firebug (level 2, 0/16 HPs)
             Began as a Deep Elf Fire Elementalist on Nov 23, 2023.
             Slain by a gnoll
             ... wielding a +0 club
              (4 damage)
             ... on level 2 of the Dungeon.
             The game lasted 00:00:49 (904 turns).

kae the Firebug (Deep Elf Fire Elementalist)         Turns: 904, Time: 00:00:49

Health: 0/16       AC:  6    Str:  5    XL:     2   Next: 62%
Magic:  7/8        EV:  9    Int: 19    God:
Gold:   17         SH:  0    Dex: 15    Spells: 4/7 levels left

rFire   . . .        f - +1 hand axe "Odughuer" {chaos, rElec rC+ rCorr}
rCold   + . .        (no shield)
rNeg    . . .        c - +0 ring mail
rPois   .            (no helmet)
rElec   +            (no cloak)
rCorr   +            i - +0 pair of gloves
SInv    .            (no boots)
Will    .....        (no amulet)
Stlth   +            (no ring)
HPRegen 0.22/turn    (no ring)
MPRegen 0.11/turn

%: no passive effects
@: very slightly contaminated, invisible
A: no striking features
a: no special abilities


You were on level 2 of the Dungeon.
You visited 1 branch of the dungeon, and saw 2 of its levels.

You collected 17 gold pieces.


   Skills:
 + Level 0.3 Fighting
 + Level 0.5 Armour
 + Level 2.6 Dodging
 - Level 2.4 Stealth
 + Level 3.2 Spellcasting
 + Level 1.5 Conjurations
 * Level 3.6 Fire Magic


You had 4 spell levels left.
You knew the following spells:

 Your Spells              Type           Power      Damage    Failure   Level
a - Foxfire               Conj/Fire      48%        2x1d6     24%         1
b - Scorch                Fire           32%        2d6       24%         2

Your spell library contained the following spells:

 Spells                   Type           Power      Damage    Failure   Level
 Freeze                   Ice            12%        1d3       56%         1
 Inner Flame              Hex/Fire       9%         N/A       69%         3
 Volatile Blastmotes      Fire/Tloc      18%        2d11      69%         3
 Hailstorm                Conj/Ice       5%         3d4       83%         3
 Frozen Ramparts          Ice            6%         1d1       91%         3
 Flame Wave               Conj/Fire      12%        2d6       94%         4

Inventory:

Hand Weapons
 f - the +1 hand axe "Odughuer" (weapon) {chaos, rElec rC+ rCorr}
   (You found it on level 2 of the Dungeon)

   rC+:       It protects you from cold.
   rElec:     It insulates you from electricity.
   rCorr:     It protects you from acid and corrosion.
Missiles
 d - 2 poisoned darts
 g - 2 stones
Armour
 a - a +0 robe
 c - a +0 ring mail (worn)
   (You found it on level 2 of the Dungeon)
 i - a +0 pair of gloves (worn)
   (You found it on level 1 of the Dungeon)
Scrolls
 j - a scroll of blinking {unknown}
Potions
 b - a potion of magic
 h - 2 potions of heal wounds {unknown}

Dungeon Overview and Level Annotations

Branches:
Dungeon (2/15) Zot: 11090

Altars:

#.##### .....##### #
#......#.. #
#......#.# #
#......#.# ###
#......#.# #.#
#..ggg.#.# #..
###@###.# #.#
#.......##########..
#.#.......†.........
#.##################
#.# #.# #.# #.# #.#


You could see 3 gnolls.


Message History

Key pressed, stopping explore.
Casting: Foxfire (safe; 24% risk of failure)
Confirm with . or Enter, or press ? or * to list all spells.
You conjure some foxfire!
A ball python comes into view. 😎 MP[+1]
Your mp is fully restored (8).
Casting: Foxfire (safe; 24% risk of failure)
Confirm with . or Enter, or press ? or * to list all spells.
You conjure some foxfire!
The ball python hisses angrily.
The foxfire hits the ball python. 😎 MP[-1]
You lost 1 mp, and now have 7/8 mp.
A ball python is nearby!
A ball python is nearby!
A ball python is nearby!
Casting: Foxfire (safe; 24% risk of failure)
Confirm with . or Enter, or press ? or * to list all spells.
You miscast Foxfire.
You are very lightly contaminated with residual magic.
Nothing appears to happen. 😎 MP[-1]
You lost 1 mp, and now have 6/8 mp.
Casting: Foxfire (safe; 24% risk of failure)
Confirm with . or Enter, or press ? or * to list all spells.
You can't see any susceptible monsters within range! (Use Z to cast anyway.) Unknown command.
Casting: Foxfire (safe; 24% risk of failure)
Confirm with . or Enter, or press ? or * to list all spells.
You miscast Foxfire.
Nothing appears to happen. 😎 MP[-1]
You lost 1 mp, and now have 5/8 mp.
Casting: Foxfire (safe; 24% risk of failure)
Confirm with . or Enter, or press ? or * to list all spells.
You miscast Foxfire.
Nothing appears to happen. 😎 MP[-1]
You lost 1 mp, and now have 4/8 mp.
Casting: Foxfire (safe; 24% risk of failure)
Confirm with . or Enter, or press ? or * to list all spells.
Okay, then.
Casting: Scorch (extremely dangerous; 24% risk of failure)
Confirm with . or Enter, or press ? or * to list all spells.
You miscast Foxfire.
Nothing appears to happen. 😎 MP[-1]
You lost 1 mp, and now have 3/8 mp.
Casting: Foxfire (safe; 24% risk of failure)
Confirm with . or Enter, or press ? or * to list all spells.
There is not enough space to conjure foxfire!
You closely miss the ball python. The ball python closely misses you.
The ball python grabs you. The ball python constricts you.
The ball python bites you but does no damage.
The ball python constricts you.
You hit the ball python.
You kill the ball python! 😎 MP[+1]
You see here a ball python corpse.
Unknown command.
You start resting. 😎 MP[+2]
You regained 2 mp, and now have 6/8 mp.
Your magical contamination has completely faded away.
You open the door. 2 gnolls come into view.
The gnoll shouts! x2; You hear a shout!
A gnoll comes into view. It is wielding a +0 club. 😎 MP[+2]
Your mp is fully restored (8).
There are monsters nearby!
There are monsters nearby!
There are monsters nearby!
Casting: Foxfire (safe; 24% risk of failure)
Confirm with . or Enter, or press ? or * to list all spells.
You miscast Foxfire.
You are very lightly contaminated with residual magic.
Nothing appears to happen. 😎 MP[-1]
You lost 1 mp, and now have 7/8 mp.
You fade into invisibility!
The gnoll hits you with a +0 club.
There is an open door, spattered with blood here.
You are too injured to fight recklessly! 😮 HP[-6]
You take 6 damage, and now have 10/16 hp.
MASSIVE DAMAGE!! (PAUSE)
You barely miss the gnoll. You hit the gnoll. You burn the gnoll.
You hit the gnoll.
The gnoll seems to grow stronger.
The gnoll hits you with a +0 club.
* * * LOW HITPOINT WARNING * * *
The gnoll hits you with a +0 club.
* * * LOW HITPOINT WARNING * * *
The gnoll hits you with a +0 club.
* * * LOW HITPOINT WARNING * * *
The gnoll hits you but does no damage. The gnoll completely misses you.
The gnoll hits you with a +0 club.
You die...

Action                     || total
---------------------------++-------
  Melee: Hand axe          ||    19
   Cast: Foxfire           ||    30
    Use: Scroll            ||     2
         Potion            ||     1
 Armour: Robe              ||     2
         Ring mail         ||    28
  Dodge: Dodged            ||    18

Levels and vault maps discovered:
D:1:      orjb1_lava_funnel, layout_basic
D:2:      layout_basic, kennysheep_generic_room_11

Notes
Turn   | Place    | Note
-------+----------+-------------------------------------------
     0 | D:1      | kae the Deep Elf Fire Elementalist began the quest for the
                  | Orb.
     0 | D:1      | Reached XP level 1. HP: 10/10 MP: 6/6
     0 | D:1      | magus.rc [v1.11.3]
   143 | D:1      | Reached XP level 2. HP: 13/15 MP: 0/8
   446 | D:1      | Learned a level 2 spell: Scorch
   669 | D:2      | Identified the +1 hand axe "Odughuer" {chaos, rElec rC+
                  | rCorr}
   706 | D:2      | You pick up a book of Frost and begin reading...
   706 | D:2      | You add the spells Freeze, Frozen Ramparts and Hailstorm to
                  | your library.
   904 | D:2      | HP: 4/16 [gnoll/+0 club (1)]
   904 | D:2      | Slain by a gnoll

Vanquished Creatures
  4 bats
  An endoplasm (D:1)
  2 giant cockroaches (D:1)
  A goblin (D:1)
  3 hobgoblins
  2 ball pythons
  3 kobolds
  2 rats
18 creatures vanquished.

Vanquished Creatures (others)
  49 foxfires
49 creatures vanquished.

Grand Total: 67 creatures vanquished

Table legend:
 A = Non-vault XP
 B = Vault XP
 C = Vault XP percentage of total XP
 D = Non-vault monster count
 E = Vault monster count
 F = Vault count percentage of total count
                 A         B        C        D         E       F
            +---------+---------+-------+---------+---------+-------
      Total |      30 |       0 |   0.0 |      18 |       0 |   0.0
            +---------+---------+-------+---------+---------+-------
        D:1 |      21 |       0 |   0.0 |      13 |       0 |   0.0
        D:2 |       9 |       0 |   0.0 |       5 |       0 |   0.0
            +---------+---------+-------+---------+---------+-------

Action                     || total
---------------------------++-------
  Melee: Hand axe          ||    19
   Cast: Foxfire           ||    30
    Use: Scroll            ||     2
         Potion            ||     1
 Armour: Robe              ||     2
         Ring mail         ||    28
  Dodge: Dodged            ||    18

Illustrated notes

Table legend:
 A = Kills in this place as a percentage of kills in the entire game.
 B = Kills by you in this place as a percentage of kills by you in the entire game.
 C = Kills by friends in this place as a percentage of kills by friends in the entire game.
 D = Other kills in this place as a percentage of other kills in the entire game.
 E = Experience gained in this place as a percentage of experience gained in the entire game.
 F = Experience gained in this place divided by the number of levels of this place that you have seen.
                   A       B       C       D       E      F
               +-------+-------+-------+-------+-------+----------------------
         Total | 100.0 | 100.0 |   N/A |   N/A | 100.0 |  15.0
       Dungeon | 100.0 | 100.0 |   N/A |   N/A | 100.0 |  15.0
               +-------+-------+-------+-------+-------+----------------------

Table legend: (Time is in decaauts)
 A = Elapsed time spent in this place.
 B = Non-inter-level travel time spent in this place.
 C = Inter-level travel time spent in this place.
 D = Time resting spent in this place.
 E = Time spent auto-exploring this place.
 F = Levels seen in this place.
 G = Mean time per level.
                   A        B        C        D        E       F      G
               +--------+--------+--------+--------+--------+-----+--------+
         Total |    908 |    872 |     36 |     16 |    695 |   2 |  454.0 |
       Dungeon |    908 |    872 |     36 |     16 |    695 |   2 |  454.0 |
               +--------+--------+--------+--------+--------+-----+--------+

Top non-repeatable levels by time:
     D:1: 645 daAuts
     D:2: 263 daAuts
